 Dungeon Crawl Stone Soup version 0.28-a0-175-gb2089b6bb7 (webtiles) character file.

Game seed: 6081970550196582545

797 Nattfarinn the Magician (level 8, -1/50 HPs)
             Began as a Djinni Conjurer on Aug 17, 2021.
             Slain by Grinder (10 damage)
             ... on level 5 of the Dungeon.
             The game lasted 00:10:01 (6407 turns).

Nattfarinn the Magician (Djinni Conjurer)           Turns: 6407, Time: 00:10:03

Health: -1/50      AC:  2    Str: 12    XL:     8   Next: 13%
Gold:   346        EV: 12    Int: 21    God:
                   SH:  0    Dex: 13

rFire   + + .      SeeInvis .   s - +5 dagger
rCold   x . .      Faith    .   (no shield)
rNeg    + . .      Spirit   .   a - +0 robe
rPois   ∞          Reflect  .   (no helmet)
rElec   .          Harm     .   (no cloak)
rCorr   .          Rampage  .   (no gloves)
Will    .....                   (boots unavailable)
Stlth   ++........              (no amulet)
HPRegen 0.16/turn               w - +6 ring of strength
MPRegen 0.00/turn               j - ring of positive energy

@: flying
A: sickness immunity, fire resistance 2, cold vulnerability 1, float, innate
caster, hp casting, extra vitality 1
a: no special abilities


You were on level 5 of the Dungeon.
You visited 1 branch of the dungeon, and saw 5 of its levels.

You collected 346 gold pieces.

Inventory:

Hand Weapons
 s - a +5 dagger (weapon)
Armour
 a - a +0 robe (worn)
Jewellery
 e - a ring of resist corrosion
 j - a ring of positive energy (right hand)
 w - a +6 ring of strength (left hand)
Wands
 t - a wand of polymorph (1)
 v - a wand of mindburst (18)
Scrolls
 b - a scroll of identify
 c - 2 scrolls of magic mapping
 f - a scroll of enchant weapon {unknown}
 k - a scroll of brand weapon {unknown}
 m - 2 scrolls of holy word
 n - a scroll of vulnerability {unknown}
 q - 4 scrolls of fear
 r - a scroll of amnesia {unknown}
 u - a scroll of summoning {unknown}
 x - a scroll of enchant armour {unknown}
Potions
 d - 3 potions of heal wounds
 g - a potion of degeneration {unknown}
 h - 2 potions of flight {unknown}
 i - a potion of resistance {unknown}
 l - a potion of mutation {unknown}
 o - a potion of haste {unknown}
 p - 2 potions of curing {unknown}
 z - a potion of lignification {unknown}
 A - a potion of attraction {unknown}


   Skills:
 - Level 2.1 Dodging
 - Level 1.5 Stealth
 + Level 7.4 Spellcasting


You had one spell level left.
You knew the following spells:

 Your Spells              Type           Power      Damage    Failure   Level
a - Magic Dart            Conj           100%       1d8       1%          1
b - Searing Ray           Conj           76%        3d6       1%          2
c - Dazzling Flash        Conj/Hex       76%        N/A       1%          3
d - Fulminant Prism       Conj/Hex       19%        3d11      4%          4
e - Iskenderun's Mystic   Conj/Tloc      38%        2d9       4%          4
f - Animate Skeleton      Necr           76%        N/A       1%          1
g - Slow                  Hex            38%        N/A       1%          2
h - Gell's Gravitas       Tloc           19%        N/A       1%          3
Your spell library was empty.

Dungeon Overview and Level Annotations

Branches:
Dungeon (5/15)
 Temple: D:4-7

Altars:
Kikubaaqudgha
Nemelex Xobeh

Annotations:
D:5 Grinder


Innate Abilities, Weirdness & Mutations

You are immune to sickness and miasma.
You are immune to poison.
Your flesh is very heat resistant. (rF++)
You are vulnerable to cold. (rC-)
You float through the air rather than walking.
You learn spells naturally, not from books.
Your magical power is your life essence.
You have superior vitality. (+4 HP)


Message History

Grinder shouts!
A fulminant prism comes into view.
Casting: Fulminant Prism (dangerous; 4% risk of failure)
Confirm with . or Enter, or press ? or * to list all spells.
Aiming: Fulminant Prism (dangerous; 4% risk of failure)
Press: ? - help, Dir - move target You conjure a prism of explosive energy!
A fulminant prism comes into view.
Grinder says, "What is the universe for?"
Grinder gestures at you. Pain shoots through your body!
Your fulminant prism crackles loudly.
Your fulminant prism explodes!
The blast of energy engulfs Grinder!
Grinder is heavily wounded.
The blast of energy engulfs your fulminant prism!
Your fulminant prism detonates feebly.
Casting: Fulminant Prism (dangerous; 4% risk of failure)
Confirm with . or Enter, or press ? or * to list all spells.
Casting: Dazzling Flash (safe; 1% risk of failure)
Confirm with . or Enter, or press ? or * to list all spells.
Casting: Dazzling Flash (safe; 1% risk of failure)
Confirm with . or Enter, or press ? or * to list all spells.
Aiming: Fulminant Prism (dangerous; 4% risk of failure)
Press: ? - help, Dir - move target You conjure a prism of explosive energy!
A fulminant prism comes into view.
Grinder hits you!
You writhe in agony.
* * * LOW HITPOINT WARNING * * *
Unknown command.
Unknown command.
Casting: Fulminant Prism (dangerous; 4% risk of failure)
Confirm with . or Enter, or press ? or * to list all spells.
Aiming: Fulminant Prism (dangerous; 4% risk of failure)
Press: ? - help, Dir - move target You conjure a prism of explosive energy!
* * * LOW HITPOINT WARNING * * *
A fulminant prism comes into view.
Grinder hits you!
You die...

...≈≈≈....#######.#
#.. ... ⌠...≈....##
.# .. .#.
.........# .##. ..
.........# ...
.........# ##.## .
........##
##*.*###..
#######..##
##.........
#...####..5...)#..
+.........@....#
#..#####.......#
#..# #......## #..#
#.......# #.##
#.......# ##
#.......# ##.....##
##...##


You could see Grinder (ally target) and 2 friendly fulminant prisms.

Vanquished Creatures
  A water moccasin (D:5)
  An ice beast (D:3)
  Blork the orc (D:4)
  A scorpion (D:5)
  A water moccasin skeleton (D:5)
  2 hounds
  A centaur skeleton (D:4)
  Ijyb (D:5)
  2 iguanas (D:5)
  3 orc wizards
  3 gnolls (D:5)
  6 adders
  A howler monkey skeleton (D:4)
  2 adder skeletons (D:4)
  3 worms (D:2)
  4 dart slugs
  8 orcs
  7 bats
  2 endoplasms (D:2)
  A giant cockroach (D:3)
  10 goblins
  10 hobgoblins
  5 quokkas
  14 ball pythons
  4 frilled lizards
  8 kobolds
  5 rats
  2 fulminant prisms (D:5)
109 creatures vanquished.

Vanquished Creatures (others)
  21 fulminant prisms
21 creatures vanquished.

Grand Total: 130 creatures vanquished

Notes
Turn   | Place    | Note
-------+----------+-------------------------------------------
     0 | D:1      | Nattfarinn the Djinni Conjurer began the quest for the Orb.
     0 | D:1      | Reached XP level 1. HP: 15/15 MP: 0/0
   324 | D:1      | Reached XP level 2. HP: 17/21 MP: 0/0
  1166 | D:1      | Reached XP level 3. HP: 23/25 MP: 0/0
  1166 | D:1      | Learned a level 1 spell: Animate Skeleton
  1711 | D:2      | Reached skill level 4 in Spellcasting
  2324 | D:2      | Reached XP level 4. HP: 25/31 MP: 0/0
  3115 | D:3      | Noticed an ice beast
  3121 | D:3      | Killed an ice beast
  3122 | D:3      | Reached skill level 5 in Spellcasting
  3122 | D:3      | Reached XP level 5. HP: 28/35 MP: 0/0
  3122 | D:3      | Learned a level 2 spell: Slow
  3379 | D:3      | Reached XP level 6. HP: 36/40 MP: 0/0
  4113 | D:4      | Noticed Blork the orc
  4124 | D:4      | Killed Blork the orc
  4380 | D:4      | Reached skill level 6 in Spellcasting
  4611 | D:3      | Reached XP level 7. HP: 40/45 MP: 0/0
  4611 | D:3      | Learned a level 3 spell: Gell's Gravitas
  5136 | D:4      | Found a sparkling altar of Nemelex Xobeh.
  5596 | D:5      | Entered Level 5 of the Dungeon
  5710 | D:5      | Noticed a water moccasin
  5715 | D:5      | Killed a water moccasin
  5716 | D:5      | Reached skill level 7 in Spellcasting
  5756 | D:5      | Reached XP level 8. HP: 16/50 MP: 0/0
  5770 | D:5      | Noticed Grinder
  5993 | D:5      | Noticed Ijyb
  5999 | D:5      | Killed Ijyb
  6407 | D:5      | Slain by Grinder

Illustrated notes

Levels and vault maps discovered:
D:1:      evilmike_arrival_hilbert_curve, layout_loops_corners
D:2:      layout_loops_cross, minmay_fountain_box, minmay_split_cup_small
D:3:      layout_basic, corexii_item_surrounded_by_moat, minmay_strange_pillars
D:4:      layout_rooms, mainiacjoe_overflow_chevrons, chequers_mini_garden,
          uniq_blork_the_orc
D:5:      layout_rooms, kiku_gazebo_pond_becter, nrook_mini_vaults,
          nicolae_zen_rock_garden, minmay_misc_feat_cross, uniq_ijyb,
          uniq_grinder

Skill      XL: |  1  2  3  4  5  6  7 |
---------------+----------------------+-----
Spellcasting   | 4 5 6 7 |  7.4
Dodging        | |  2.1
Stealth        | |  1.5

Action                   |  1- 3 |  4- 6 |  7- 9 || total
-------------------------+-------+-------+-------++-------
 Cast: Magic Dart        |    71 |    74 |    45 ||   190
       Searing Ray       |     4 |     7 |     1 ||    12
       Fulminant Prism   |       |     3 |    22 ||    25
       Dazzling Flash    |       |       |     2 ||     2
  Use: Scroll            |       |       |     4 ||     4
Armor: Robe              |     3 |     2 |     3 ||     8
Dodge: Dodged            |     9 |    25 |     4 ||    38

Table legend: (Time is in decaauts)
 A = Elapsed time spent in this place.
 B = Non-inter-level travel time spent in this place.
 C = Inter-level travel time spent in this place.
 D = Time resting spent in this place.
 E = Time spent auto-exploring this place.
 F = Levels seen in this place.
 G = Mean time per level.
                   A        B        C        D        E       F      G
               +--------+--------+--------+--------+--------+-----+--------+
         Total |   6409 |   6228 |    181 |    766 |   4959 |   5 | 1281.8 |
       Dungeon |   6409 |   6228 |    181 |    766 |   4959 |   5 | 1281.8 |
               +--------+--------+--------+--------+--------+-----+--------+

Top non-repeatable levels by time:
     D:3: 1717 daAuts
     D:2: 1463 daAuts
     D:1: 1453 daAuts
     D:4: 1150 daAuts
     D:5: 624 daAuts
